 Dungeon Crawl Stone Soup version 0.30-a0-840-ga523dec638 (webtiles) character file.

Game seed: 12377162520749224255

3788 bobo the Trooper (level 9, -1/81 HPs)
             Began as a Black Draconian Transmuter on Mar 1, 2023.
             Was a Follower of Wu Jian.
             Killed from afar by a deep elf pyromancer (26 damage)
             ... with a bolt of fire
             ... on level 9 of the Dungeon.
             The game lasted 00:24:19 (7584 turns).

bobo the Trooper (Black Draconian Transmuter)       Turns: 7584, Time: 00:24:19

Health: -1/81      AC:  8    Str: 13    XL:     9   Next: 95%
Magic:  12/12      EV: 14    Int: 18    God:    Wu Jian [*.....]
Gold:   102        SH:  0    Dex: 11    Spells: 2/12 levels left

rFire   . . .      SeeInvis .      - Unarmed
rCold   . . .      Faith    .    (no shield)
rNeg    . . .      Spirit   .    (body armour unavailable)
rPois   +          Reflect  .    (helmet restricted)
rElec   +          Harm     .    (no cloak)
rCorr   .          Rampage  .    (no gloves)
Will    .....                    g - +0 pair of boots
Stlth   +++                      (no amulet)
HPRegen 0.33/turn                q - ring of poison resistance
MPRegen 0.13/turn                t - ring of wizardry

@: no status effects
A: breathe lightning, AC +7, unfitting armour, electricity resistance,
cold-blooded
a: Breathe Lightning, Renounce Religion


You were on level 9 of the Dungeon.
You worshipped Wu Jian.
Wu Jian was aware of your devotion.
You visited 2 branches of the dungeon, and saw 10 of its levels.

You collected 374 gold pieces.
You spent 272 gold pieces at shops.

Inventory:

Missiles
 C - a throwing net
Armour
 c - a +0 buckler
 g - a +0 pair of boots (worn)
Jewellery
 d - a ring of fire
 q - a ring of poison resistance (left hand)
 r - a ring of ice
 t - a ring of wizardry (right hand)
Wands
 D - a wand of roots (8)
Scrolls
 e - 2 scrolls of teleportation
 f - 2 scrolls of amnesia
 h - 2 scrolls of immolation {unknown}
 k - 2 scrolls of enchant armour {unknown}
 l - 4 scrolls of brand weapon {unknown}
 p - a scroll of enchant weapon {unknown}
 s - a scroll of torment {unknown}
 w - a scroll of poison {unknown}
 x - a scroll of butterflies {unknown}
 y - a scroll of magic mapping {unknown}
 E - a scroll of fear {unknown}
 G - a scroll of blinking {unknown}
 H - 2 scrolls of vulnerability {unknown}
Potions
 a - 4 potions of lignification
 b - 3 potions of heal wounds
 i - 2 potions of flight
 j - a potion of resistance
 m - a potion of magic
 n - 4 potions of curing
 o - 2 potions of brilliance
 u - a potion of ambrosia {unknown}
 v - a potion of mutation {unknown}
 z - a potion of berserk rage {unknown}
 A - a potion of haste {unknown}
 B - a potion of invisibility {unknown}


   Skills:
 + Level 7.8 Fighting
 + Level 6.8 Dodging
 + Level 7.0 Stealth
 + Level 7.8 Unarmed Combat
 - Level 2.0 Spellcasting
 - Level 2.0 Transmutations


You had 2 spell levels left.
You knew the following spells:

 Your Spells              Type           Power      Damage    Failure   Level
a - Beastly Appendage     Tmut           18%        N/A       3%          1
b - Passwall              Tmut/Erth      4%         N/A       8%          2
s - Spider Form           Tmut/Pois      5%         N/A       14%         3
x - Blink                 Tloc           2%         N/A       11%         2
z - Wereblood             Tmut           9%         N/A       4%          2

Your spell library contained the following spells:

 Spells                   Type           Power      Damage    Failure   Level
 Magic Dart               Conj           4%         1d3       8%          1
 Sandblast                Erth           2%         2d4       8%          1
 Call Imp                 Summ           1%         N/A       11%         2
 Lesser Beckoning         Tloc           2%         N/A       11%         2
 Momentum Strike          Conj/Tloc      2%         3d8       11%         2
 Mephitic Cloud           Conj/Pois/Air  1%         N/A       21%         3
 Stone Arrow              Conj/Erth      2%         3d7       21%         3
 Ice Form                 Ice/Tmut       5%         N/A       41%         4


Dungeon Overview and Level Annotations

Branches:
Dungeon (9/15)             Temple (1/1) D:4
   Lair: D:8-11         Orc: D:9-12

Altars:
Ashenzari
Cheibriados
Dithmenos
Elyvilon
Fedhas
Gozag
Makhleb
Nemelex Xobeh
Okawaru
Qazlal
Ru
Sif Muna
Uskayaw
Wu Jian
Xom
Yredelemnul
The Shining One

Shops:
D:1 (   D:8 *


Innate Abilities, Weirdness & Mutations

You can breathe wild blasts of lightning.
Your glossy black scales are hard. (AC +7)
You cannot fit into any form of body armour.
You are resistant to electric shocks. (rElec)
You are cold-blooded and may be slowed by cold attacks.


Message History

You barely miss the deep elf pyromancer.
Your tail-slap misses the deep elf pyromancer.
The deep elf pyromancer is almost dead.
You feel sick. The killer bee closely misses you.
You hit the deep elf pyromancer but do no damage.
The deep elf pyromancer is almost dead.
You have got your breath back.
You feel sick. The killer bee barely misses you.
The deep elf pyromancer hits you with a +0 short sword.
The killer bee stings you but does no damage.
You hit the deep elf pyromancer.
Your tail-slap misses the deep elf pyromancer.
The deep elf pyromancer is almost dead.
You feel sick. The killer bee stings you.
The deep elf pyromancer hits you but does no damage.
The killer bee stings you.
You closely miss the deep elf pyromancer.
Your tail-slap misses the deep elf pyromancer.
The deep elf pyromancer is almost dead.
You feel sick. The killer bee stings you.
You are more poisoned.
The killer bee poisons you!
The deep elf pyromancer hits you but does no damage.
The killer bee stings you but does no damage.
You hit the deep elf pyromancer.
Your tail-slap misses the deep elf pyromancer.
The deep elf pyromancer is almost dead.
You feel sick. The killer bee barely misses you.
The deep elf pyromancer hits you but does no damage.
You closely miss the deep elf pyromancer.
You tail-slap the deep elf pyromancer.
The deep elf pyromancer is almost dead.
You feel sick. The killer bee stings you. x2
* * * LOW HITPOINT WARNING * * *
The deep elf pyromancer casts a spell.
The deep elf pyromancer blinks!
You feel better. The killer bee barely misses you. x2
The deep elf pyromancer gestures at you while chanting.
The bolt of fire hits you!!
You die...

#### ##..##
#(./. .# +....
.# #(.##.##
##y#...# #..@ยง#
#...## ##...#
.###..#.#
......#.##
#...##.e..##
#...##.....###.#
..........<[...#
...........#####


You could see a deep elf pyromancer and a killer bee.

Vanquished Creatures
  7 yaks (D:8)
  Edmund (D:5)
  2 water moccasins
  A black bear (D:7)
  3 ice beasts
  2 sky beasts
  2 orc warriors (D:6)
  3 centaurs
  A kobold brigand (D:8)
  3 bullfrogs
  7 wights
  3 killer bees (D:8)
  A howler monkey (D:6)
  A hound (D:5)
  A jelly (D:7)
  3 iguanas
  4 orc priests
  2 gnoll boudas (D:7)
  3 orc wizards
  9 adders
  8 gnolls
  7 worms
  3 dart slugs
  23 orcs
  5 ball pythons
  8 bats
  7 endoplasms
  3 giant cockroaches
  10 goblins
  5 hobgoblins
  2 jackals (D:1)
  4 quokkas
  6 frilled lizards
  9 kobolds
  5 rats (D:1)
164 creatures vanquished.

Vanquished Creatures (others)
  A yak (D:8)
  A kobold brigand (D:8)
  3 kobolds (D:8)
5 creatures vanquished.

Grand Total: 169 creatures vanquished

Notes
Turn   | Place    | Note
-------+----------+-------------------------------------------
     0 | D:1      | bobo the Draconian Transmuter began the quest for the Orb.
     0 | D:1      | Reached XP level 1. HP: 16/16 MP: 3/3
   142 | D:1      | Reached XP level 2. HP: 18/23 MP: 3/5
   145 | D:1      | Learned a level 2 spell: Wereblood
   163 | D:1      | Found Zautonui's Antique Weapon Shop.
   531 | D:1      | Reached skill level 1 in Stealth
   664 | D:1      | Reached XP level 3. HP: 29/29 MP: 2/6
   725 | D:1      | Learned a level 2 spell: Passwall
  1301 | D:2      | Reached XP level 4. HP: 36/36 MP: 4/7
  1493 | D:2      | Found a faded altar of an unknown god.
  2297 | D:3      | Reached XP level 5. HP: 20/42 MP: 5/8
  3110 | D:4      | Noticed an ice beast
  3166 | D:4      | Found a staircase to the Ecumenical Temple.
  3178 | Temple   | Entered the Ecumenical Temple
  3190 | Temple   | Became a worshipper of the Wu Jian Council
  3226 | D:4      | Found a broken altar of Ashenzari.
  3371 | D:4      | Killed an ice beast
  3372 | D:4      | Reached XP level 6. HP: 28/51 MP: 9/9
  3519 | D:5      | Entered Level 5 of the Dungeon
  3547 | D:5      | Noticed an ice beast
  3580 | D:5      | Noticed Edmund
  3637 | D:5      | Found a snail-covered altar of Cheibriados.
  3906 | D:5      | Learned a level 3 spell: Spider Form
  3935 | D:5      | Killed Edmund
  3936 | D:5      | Your scales start taking on a glossy black colour.
  3936 | D:5      | Reached XP level 7. HP: 24/59 MP: 7/10
  3936 | D:5      | Gained mutation: You are resistant to electric shocks.
                  | (rElec) [Black Draconian growth]
  4323 | D:6      | Reached skill level 5 in Unarmed Combat
  4336 | D:6      | Reached skill level 5 in Fighting
  4438 | D:6      | Reached XP level 8. HP: 35/68 MP: 0/11
  4938 | D:7      | Learned a level 2 spell: Blink
  5049 | D:7      | Reached skill level 5 in Dodging
  5049 | D:7      | Reached skill level 5 in Stealth
  5060 | D:7      | Reached * piety under Wu Jian
  5353 | D:7      | Found a glowing golden altar of the Shining One.
  5538 | D:7      | Reached XP level 9. HP: 48/73 MP: 10/12
  5880 | D:7      | Found a shadowy altar of Dithmenos.
  6146 | D:8      | Found Gykedao's Assorted Antiques.
  6153 | D:8      | Bought a scroll of identify for 68 gold pieces
  6153 | D:8      | Bought a scroll labelled ZYABI ZOOMN for 34 gold pieces
  6153 | D:8      | Bought a potion of heal wounds for 170 gold pieces
  6604 | D:8      | Found a white marble altar of Elyvilon.
  7280 | D:8      | Found a basalt altar of Yredelemnul.
  7302 | D:8      | Found a sparkling altar of Nemelex Xobeh.
  7412 | D:8      | Found a blossoming altar of Fedhas.
  7554 | D:9      | Noticed a deep elf pyromancer
  7584 | D:9      | Killed from afar by a deep elf pyromancer

Illustrated notes

Levels and vault maps discovered:
D:1:      reono_arrival_forest_river, layout_loops_cross, serial_shops, shop,
          minivault_11, dk_noncrumbling_4, st_stairs_1
D:2:      layout_basic, chequers_ecumenical_altar_island
D:3:      layout_loops_ring, minmay_misc_feat_hallway
D:4:      layout_rooms, lemuel_round_altar, minmay_temple_entry_mini_moons,
          chequers_decorated_corner, minmay_ruptured
D:5:      layout_gridville, kennysheep_slug_shrine, serial_glass,
          glass_columns_c, glass_columns_a, uniq_edmund
D:6:      layout_basic
D:7:      layout_basic, mainiacjoe_overflow_alcove_2, old_standard_altar
D:8:      layout_layer_cave, nicolae_overflow_quartered_altars, serial_shops,
          shop, lemuel_flamethrower_2
D:9:      layout_loops_ring, minmay_joined_circles, uniq_erolcha, uniq_joseph,
          uniq_maggie, uniq_prince_ribbit1
Temple:   nicolae_temple_great_sept

Skill      XL: |  1  2  3  4  5  6  7  8  9 |
---------------+----------------------------+-----
Dodging        | 2 3 4 5 6 |  6.8
Stealth        | 1 2 3 4 5 7 |  7.0
Fighting       | 2 3 4 5 6 7 |  7.8
Unarmed Combat | 4 5 6 7 |  7.8
Spellcasting   | |  2.0
Transmutations | |  2.0

Action                     |  1- 3 |  4- 6 |  7- 9 || total
---------------------------+-------+-------+-------++-------
  Melee: Unarmed           |    92 |   192 |   299 ||   583
         Kick              |    22 |    49 |    65 ||   136
         Headbutt          |     9 |    27 |    35 ||    71
         Tailslap          |     6 |    16 |    34 ||    56
         Punch             |     1 |     3 |     9 ||    13
   Cast: Beastly Appendage |    25 |    35 |    30 ||    90
         Wereblood         |     4 |     7 |    14 ||    25
         Spider Form       |       |     1 |     1 ||     2
         Blink             |       |       |     3 ||     3
Ability: Lunge             |       |     2 |    24 ||    26
         End Transformatio |       |     1 |       ||     1
         Breathe Lightning |       |       |    15 ||    15
         Whirlwind         |       |       |     9 ||     9
    Use: Scroll            |       |     7 |     2 ||     9
         Potion            |       |     1 |     4 ||     5
   Stab: Sleeping          |       |     2 |     1 ||     3
         Distracted        |       |     1 |       ||     1
 Armour: Skin              |    31 |    42 |    75 ||   148
  Dodge: Dodged            |    61 |   103 |   211 ||   375

Table legend: (Time is in decaauts)
 A = Elapsed time spent in this place.
 B = Non-inter-level travel time spent in this place.
 C = Inter-level travel time spent in this place.
 D = Time resting spent in this place.
 E = Time spent auto-exploring this place.
 F = Levels seen in this place.
 G = Mean time per level.
                   A        B        C        D        E       F      G
               +--------+--------+--------+--------+--------+-----+--------+
         Total |   7551 |   7232 |    319 |   1048 |   4545 |  10 |  755.1 |
       Dungeon |   7528 |   7218 |    310 |   1048 |   4545 |   9 |  836.4 |
        Temple |     22 |     13 |      9 |      0 |      0 |   1 |   22.0 |
               +--------+--------+--------+--------+--------+-----+--------+

Top non-repeatable levels by time:
     D:7: 1470 daAuts
     D:8: 1169 daAuts
     D:2: 1058 daAuts
     D:1: 961 daAuts
     D:3: 827 daAuts
     D:6: 699 daAuts
     D:5: 658 daAuts
     D:4: 646 daAuts
     D:9: 38 daAuts
  Temple: 22 daAuts
